Map: 2000 Atmospheres LE

Players

Dolan

  • Race: Terran Terran

TriGGeR - Winner!

  • Race: Protoss Protoss

Event: DreamHack SC2 Masters 2021 Winter

VOD

Have the link to the VOD?

Description

Time

  • Played on: Oct. 9, 2021, 4:16 p.m.
  • Length: 14:09

All games in this series

Show
View Real Time Build Order
Export as new Build Order

Dolan Terran 

Build Orders:  

Get SALT Encoding   

  12  0:00  SCV  
  13  0:12  SCV  
  14  0:17  Supply Depot  
  14  0:24  SCV  
  15  0:38  SCV  
  15  0:41  Barracks  
  16  0:46  Refinery  
  16  0:51  SCV  
  16  0:52  Refinery  
  17  1:03  SCV  
  18  1:05  Supply Depot  
  18  1:16  SCV  
  19  1:28  Marine, Orbital Command  
  20  1:50  Factory  
  20  1:56  SCV  
  20  2:00  Barracks Reactor  
  21  2:09  SCV  
  22  2:16  Command Center  
  22  2:21  SCV  
  23  2:27  Supply Depot  
  23  2:33  SCV  
  24  2:39  Hellion x2  
  28  2:44  Reaper  
  28  2:45  SCV  
  30  2:57  SCV  
  31  3:00  Hellion x2  
  34  3:16  SCV  
  35  3:22  Starport  
  35  3:27  Factory Tech Lab  
  35  3:29  Orbital Command  
  35  3:30  SCV, Marine x2  
  38  3:42  SCV  
  39  3:54  SCV  
  38  3:58  Marine x2  
  38  4:00  Siege Tank, Starport Tech Lab  
  38  4:01  SCV  
  42  4:06  SCV  
  40  4:13  SCV, Bunker  
  40  4:16  Marine x2  
  41  4:18  SCV  
  41  4:19  Raven  
  41  4:21  Barracks  
  44  4:25  Barracks  
  44  4:26  SCV  
  44  4:30  SCV  
  44  4:31  Supply Depot  
  46  4:36  Siege Tank  
  49  4:39  SCV  
  49  4:42  SCV  
  49  4:44  Marine x2  
  53  4:53  Engineering Bay  
  53  4:54  SCV x2  
  53  4:55  Refinery  
  55  5:04  Supply Depot  
  55  5:06  SCV  
  55  5:07  SCV, Marine x2  
  59  5:14  Supply Depot  
  59  5:21  SCV x2  
  59  5:24  Marine  
  59  5:25  Stimpack, Marine  
  59  5:26  Supply Depot, Terran Infantry Weapons Level 1  
  63  5:30  Marauder x2  
  63  5:32  Factory Reactor  
  63  5:35  SCV x2  
  69  5:39  Refinery  
  69  5:40  Combat Shield  
  69  5:42  Marine  
  69  5:43  Marine  
  69  5:48  SCV x2  
  73  5:52  Starport Reactor  
  73  5:53  Marauder x2  
  73  5:56  Supply Depot  
  77  5:59  Supply Depot  
  77  6:02  Marine x2  
  79  6:11  Widow Mine x2  
  83  6:19  Marauder x2  
  83  6:20  Supply Depot  
  83  6:21  Supply Depot, Marine  
  83  6:22  Marine  
  89  6:32  Medivac  
  89  6:33  Widow Mine x2, Medivac  
  97  6:42  Command Center  
  97  6:46  Marine  
  97  6:47  Marauder x2, Marine  
  103  6:58  Widow Mine x2  
  107  7:02  Supply Depot  
  107  7:03  Supply Depot  
  107  7:04  Marine x2  
  107  7:06  Medivac  
  107  7:07  Medivac  
  116  7:08  Marauder x2  
  116  7:09  Concussive Shells  
  116  7:22  Marine x2  
  116  7:25  Widow Mine  
  116  7:26  Widow Mine  
  116  7:29  Marauder, Barracks  
  125  7:30  Marauder  
  125  7:33  Barracks  
  125  7:43  Marine x2  
  127  7:51  Marauder x2  
  103  8:01  Marine x2  
  103  8:02  Widow Mine x2  
  103  8:03  Orbital Command  
  96  8:12  Marauder x2  
  100  8:21  Barracks Tech Lab, Barracks Reactor, Viking x2, Orbital Command  
  100  8:25  Widow Mine x2  
  100  8:26  SCV  
  100  8:27  Supply Depot  
  109  8:28  SCV  
  109  8:34  Marauder x2  
  114  8:35  Terran Infantry Armor Level 1  
  114  8:39  SCV, Marine x2  
  114  8:40  SCV  
  118  8:47  SCV  
  119  8:51  SCV  
  119  8:52  SCV  
  119  8:53  Viking x2  
  125  8:59  Ghost Academy  
  125  9:01  Widow Mine x2  
  129  9:06  Marauder x3  
  122  9:26  Viking  
  122  9:28  Marine x4  
  122  9:30  Ghost x3  
  136  9:32  SCV x3  
  139  9:40  Widow Mine x2, Medivac  
  139  9:45  Enhanced Shockwaves  
  143  9:49  Marine x4  
  140  9:58  Ghost  
  140  9:59  Marauder, Marine  
  124  10:07  Marine  
  69  10:29  Marine x2  
  69  10:30  Marauder x3, Marine  
  69  10:35  SCV x3  
  78  10:38  Viking x2, Marine  
  78  10:39  Widow Mine  
  78  10:40  Widow Mine  
  87  10:47  SCV x3  
  87  10:48  Marine x3  
  93  10:54  Marauder x2  
  97  10:57  Marauder  
  97  10:58  Marine  
  97  11:01  SCV  
  97  11:02  SCV x2  
  103  11:11  Viking x2  
  107  11:12  Marine  
  107  11:13  Marine  
  109  11:21  Marine x2  
  109  11:22  Marauder x2, Marine  
  109  11:23  SCV x2  
  109  11:24  SCV  
  119  11:31  Refinery  
  119  11:33  Marine x2  
  119  11:35  SCV  
  73  12:08  Ghost  
  73  12:09  Marauder, Marine x3  
  73  12:10  Marauder  
  70  12:16  Marine  
  71  12:26  SCV  
  71  12:27  Marine x2  
  75  12:31  Marauder x2  
  75  12:36  Orbital Command  
  78  12:38  SCV  
  78  12:39  Orbital Command  
  79  12:54  Medivac x2  
  79  12:55  Ghost  
  79  12:56  Marauder  
  84  13:10  Marine  
  85  13:24  Medivac  
  84  13:33  Marine, Ghost  
  89  13:34  Marauder x2  
  89  13:37  SCV  
  92  13:43  SCV x2  
  92  13:47  Marine x3  
Show
View Real Time Build Order
Export as new Build Order

TriGGeR Protoss - Winner!

Build Orders: 1 Gate Expand, Blink Stalkers 

Get SALT Encoding   

  12  0:00  Probe  
  13  0:12  Probe  
  14  0:17  Pylon  
  14  0:24  Probe (Chrono Boost)  
  16  0:36  Gateway  
  16  0:37  Probe (Chrono Boost)  
  16  0:42  Probe (Chrono Boost)  
  16  0:45  Assimilator  
  17  0:51  Probe  
  18  1:03  Probe  
  19  1:15  Probe  
  20  1:24  Cybernetics Core  
  20  1:33  Nexus  
  20  1:36  Probe  
  21  1:42  Pylon  
  21  1:49  Assimilator  
  21  1:51  Probe  
  22  1:58  Adept (Chrono Boost)  
  24  2:03  Probe  
  24  2:04  Warp Gate  
  25  2:15  Probe  
  26  2:23  Sentry  
  26  2:27  Probe  
  29  2:42  Probe (Chrono Boost)  
  30  2:46  Twilight Council, Probe (Chrono Boost)  
  30  2:50  Stalker (Chrono Boost)  
  31  2:55  Probe (Chrono Boost)  
  31  2:56  Probe (Chrono Boost)  
  35  3:00  Probe (Chrono Boost)  
  35  3:03  Probe  
  37  3:12  Probe  
  38  3:15  Stalker (Chrono Boost), Probe  
  38  3:19  Gateway  
  39  3:24  Probe  
  39  3:26  Blink (Chrono Boost)  
  40  3:28  Probe  
  41  3:35  Pylon  
  41  3:36  Probe  
  41  3:38  Stalker (Chrono Boost)  
  41  3:40  Probe  
  45  3:46  Assimilator  
  43  3:53  Probe  
  43  3:58  Probe  
  39  4:10  Probe x2 (Chrono Boost)  
  40  4:22  Probe (Chrono Boost)  
  40  4:23  Robotics Facility  
  42  4:26  Probe (Chrono Boost)  
  42  4:28  Probe (Chrono Boost)  
  42  4:31  Nexus  
  43  4:33  Probe  
  43  4:34  Pylon  
  44  4:38  Probe  
  44  4:42  Stalker  
  44  4:45  Probe  
  48  4:50  Probe  
  48  4:51  Assimilator  
  49  4:57  Probe  
  50  5:00  Stalker  
  50  5:03  Probe  
  53  5:07  Stalker  
  53  5:09  Probe  
  53  5:10  Observer (Chrono Boost)  
  57  5:15  Robotics Bay, Probe  
  57  5:19  Forge  
  58  5:21  Probe  
  58  5:26  Gateway  
  58  5:27  Probe, Pylon  
  60  5:30  Observer (Chrono Boost)  
  61  5:38  Pylon  
  61  5:40  Gateway  
  61  5:44  Probe x2  
  61  5:45  Probe  
  61  5:46  Immortal (Chrono Boost)  
  68  5:56  Probe x2  
  70  5:57  Observer  
  70  5:58  Protoss Ground Weapons Level 1  
  70  6:00  Probe  
  70  6:02  Observer  
  71  6:06  Charge (Chrono Boost)  
  71  6:08  Probe  
  71  6:09  Probe  
  71  6:11  Gateway  
  73  6:14  Gateway  
  73  6:16  Colossus (Chrono Boost)  
  73  6:25  Probe x3  
  82  6:26  Sentry  
  84  6:33  Gateway  
  84  6:37  Gateway  
  84  6:38  Pylon, Sentry  
  84  6:39  Probe  
  87  6:40  Probe  
  87  6:45  Extended Thermal Lance  
  87  6:46  Zealot x2  
  92  6:51  Pylon  
  92  6:57  Pylon  
  92  6:58  Zealot  
  94  7:02  Colossus (Chrono Boost)  
  100  7:10  Pylon  
  100  7:11  Zealot x4  
  108  7:19  Shield Battery  
  108  7:20  Shield Battery  
  106  7:25  Zealot  
  106  7:34  Zealot x2  
  106  7:35  Zealot  
  112  7:42  Stalker x2  
  114  7:48  Colossus  
  114  7:50  Zealot  
  113  7:56  Probe x3  
  102  8:08  Probe (Chrono Boost)  
  102  8:09  Probe x2 (Chrono Boost)  
  102  8:10  Stalker x2  
  102  8:11  Stalker x2  
  110  8:20  Probe (Chrono Boost)  
  110  8:21  Probe (Chrono Boost)  
  110  8:26  Zealot x2  
  116  8:27  Zealot, Probe (Chrono Boost)  
  116  8:28  Phoenix  
  118  8:35  Zealot  
  118  8:39  Stalker x2  
  124  8:46  Pylon  
  124  8:49  Warp Prism (Chrono Boost)  
  124  8:52  Pylon  
  125  8:57  Assimilator  
  125  9:04  Probe x2  
  125  9:07  Pylon  
  125  9:09  Zealot x2, Templar Archives  
  131  9:16  Observer, Zealot x6  
  125  9:30  Disruptor (Chrono Boost)  
  125  9:36  Protoss Ground Weapons Level 2 (Chrono Boost)  
  128  9:39  Zealot x7  
  128  9:40  Zealot  
  120  10:12  Zealot x8  
  82  10:32  Colossus (Chrono Boost)  
  82  10:34  Zealot x3  
  82  10:35  Zealot x5  
  92  10:39  Assimilator  
  97  10:44  Robotics Facility  
  97  10:55  Nexus  
  97  11:00  High Templar x4  
  97  11:01  Photon Cannon  
  105  11:05  Archon, Pylon  
  105  11:06  Archon  
  105  11:07  Zealot x2  
  109  11:13  Stalker x2  
  109  11:18  Disruptor (Chrono Boost)  
  116  11:40  Zealot x8  
  122  11:56  Disruptor (Chrono Boost)  
  122  11:58  Disruptor (Chrono Boost)  
  128  12:01  Stalker x6  
  137  12:10  Zealot x2  
  139  12:27  Zealot x5  
  149  12:33  Pylon  
  147  12:49  Nexus  
  143  12:57  Pylon  
  133  13:02  Forge  
  133  13:03  Observer  
  134  13:05  Stalker x3  
  134  13:06  Stalker x2  
  144  13:14  Stalker  
  146  13:24  Disruptor  
  145  13:37  Zealot x7  
  159  14:01  Dark Shrine  
  158  14:04  Zealot x6  

Tags
 
Add a new tag
Caveats
  • Supply blocks, unpowered buildings, or Contaminate may cause inaccurate times.
  • Supply counts are checked every 10 seconds.